[Event "20th Heraklion IT Open 2017"]
[Site "Heraklion"]
[Date "2017.04.19"]
[Round "4"]
[White "Papidakis, Georgios"]
[Black "Serpetsidaki, Eva"]
[Result "1/2-1/2"]
[ECO "D00"]
[WhiteElo "1618"]
[BlackElo "1693"]
[Annotator "NA"]
[PlyCount "89"]
[EventDate "2017.??.??"]
[EventType "swiss"]
[EventCountry "GRE"]
[SourceTitle "playchess.com"]
[Source "ChessBase"]
[SourceQuality "1"]
[TimeControl "7200+30"]

{Xeon X5430x2 Octal} 1. Nc3 c6 2. d4 d5 3. e4 dxe4 4. Nxe4 Bf5 5. Ng3 Bg6 6. h4 h6 7. Bc4 e6 8. N1e2 Nf6 9. Nf4 Bh7 {[%eval 10,29] [%emt 0:02:13] (Bh7)} 10. c3 {[%eval 0,28] [%emt 0:08:33] (Nfh5)} Bd6 {[%eval 21,28] [%emt 0:01:33] (Bd6)} 11. Bd3 {[%eval -3,28] [%emt 0:02:52] (Bd3)} O-O {[%eval 22,29] [%emt 0:02:32] (O-O)} 12. Bxh7+ {[%eval -2,26] [%emt 0:02:54] (Bxh7)} Kxh7 {[%eval 23,31] [%emt 0:02:23] (Kxh7)} 13. Nfh5 {[%eval -14,24] [%emt 0:00:39] (O-O)} Nbd7 {[%eval 15,30] [%emt 0:04:08] (Nbd7)} 14. Bg5 {[%eval -5,26] [%emt 0:02:28] (Nxf6)} Be7 {[%eval 20,33] [%emt 0:04:06] (Be7)} 15. Qe2 {[%eval -5,27] [%emt 0:06:20] (Nxf6)} b5 {[%eval 17,30] [%emt 0:07:57] (b5)} 16. Nxf6+ {[%eval -13,26] [%emt 0:03:38] (Nxf6)} Nxf6 {[%eval 0,32] [%emt 0:02:11] (Nxf6)} 17. O-O-O {[%eval -3,28] [%emt 0:01:48] (Bxf6)} a5 {[%eval 16,30] [%emt 0:04:13] (Kg8)} 18. Kb1 {[%eval -12,28] [%emt 0:02:56] (Kb1)} b4 {[%eval 0,32] [%emt 0:05:35] (b4)} 19. c4 {[%eval -12,28] [%emt 0:00:35] (c4)} Kg8 {[%eval 0,32] [%emt 0:02:35] (Kg8)} 20. d5 {[%eval -12,30] [%emt 0:02:23] (d5)} cxd5 {[%eval 2,36] [%emt 0:04:18] (cxd5)} 21. cxd5 {[%eval -12,30] [%emt 0:01:01] (cxd5)} exd5 {[%eval 0,36] [%emt 0:02:18] (exd5)} 22. Nf5 {[%eval -12,32] [%emt 0:02:28] (Nf5)} Re8 {[%eval 0,33] [%emt 0:01:50] (Re8)} 23. Rhe1 {[%eval -12,32] [%emt 0:00:38] (Qf3)} Bf8 {[%eval 0,37] [%emt 0:01:51] (hxg5)} 24. Qxe8 {[%eval 5,30] [%emt 0:02:34] (Qxe8)} Qxe8 {[%eval 0,39] [%emt 0:01:46] (Qxe8)} 25. Rxe8 {[%eval -7,36] [%emt 0:03:56] (Rxe8)} Nxe8 {[%eval 0,38] [%emt 0:01:14] (Nxe8)} 26. Be3 {[%eval -1,32] [%emt 0:00:37] (Be3)} Kh7 {[%eval 0,37] [%emt 0:01:58] (h5)} 27. Rxd5 {[%eval -1,32] [%emt 0:02:52] (Rxd5)} g6 {[%eval 0,38] [%emt 0:03:35] (g6)} 28. Nd4 {[%eval -1,30] [%emt 0:00:29] (Nd4)} Nf6 {[%eval 0,38] [%emt 0:02:18] (Nf6)} 29. Rb5 {[%eval -1,33] [%emt 0:04:28] (Rb5)} Ng4 {[%eval 0,38] [%emt 0:02:23] (Ng4)} 30. Kc2 {[%eval -1,30] [%emt 0:00:32] (Kc2)} h5 {[%eval 0,39] [%emt 0:03:56] (h5)} 31. Kd3 {[%eval -1,33] [%emt 0:03:00] (Kd3)} Be7 {[%eval 0,39] [%emt 0:03:03] (Ra7)} 32. Nf3 {[%eval -1,30] [%emt 0:02:52] (Nf3)} Nxe3 {[%eval 0,40] [%emt 0:03:58] (Nxe3)} 33. Kxe3 {[%eval -1,30] [%emt 0:00:36] (Kxe3)} Kg7 {[%eval 0,39] [%emt 0:03:56] (Ra7)} 34. g3 {[%eval 0,33] [%emt 0:02:36] (g3)} a4 {[%eval 0,41] [%emt 0:02:49] (a4)} 35. Ne5 {[%eval 0,32] [%emt 0:00:34] (Ne5)} a3 {[%eval 0,41] [%emt 0:02:23] (a3)} 36. b3 {[%eval 0,36] [%emt 0:02:41] (b3)} Rc8 {[%eval 0,39] [%emt 0:01:13] (Ra7)} 37. Rb7 {[%eval 0,33] [%emt 0:02:43] (Nc4)} Kf6 {[%eval 0,43] [%emt 0:04:01] (Kf6)} 38. Nc4 {[%eval 0,34] [%emt 0:02:30] (Kd2)} Bc5+ {[%eval 0,41] [%emt 0:01:57] (Bc5)} 39. Kf3 {[%eval 0,35] [%emt 0:01:05] (Ke2)} Ke6 {[%eval 0,41] [%emt 0:02:12] (Ke6)} 40. Ke2 {[%eval 0,36] [%emt 0:04:03] (Ke2)} f6 {[%eval 0,43] [%emt 0:01:31] (Re8)} 41. Kf3 {[%eval 0,34] [%emt 0:02:43] (Kf3)} Kf5 {[%eval 0,44] [%emt 0:05:30] (Rd8)} 42. Rd7 {[%eval 0,39] [%emt 0:03:08] (Rb5)} Ke6 {[%eval 0,39] [%emt 0:01:04] (Ke6)} 43. Rb7 {[%eval 0,36] [%emt 0:00:29] (Rd2)} Kf5 {[%eval 0,44] [%emt 0:04:23] (Rd8)} 44. Rb5 {[%eval 0,40] [%emt 0:04:22] (Rb5)} Ke6 {[%eval 0,51] [%emt 0:02:45] (Ke6)} 45. Rb7 {3-fold rep} 1/2-1/2

[Event "20th Heraklion IT Open 2017"]
[Site "Heraklion"]
[Date "2017.04.20"]
[Round "5"]
[White "Moshovakis, Aggelos"]
[Black "Wallace, John Paul"]
[Result "1/2-1/2"]
[ECO "B30"]
[WhiteElo "2030"]
[BlackElo "2404"]
[Annotator "ChessBase"]
[PlyCount "64"]
[EventDate "2017.??.??"]
[EventType "swiss"]
[EventCountry "GRE"]
[SourceTitle "playchess.com"]
[Source "ChessBase"]
[SourceQuality "1"]
[TimeControl "40/5400+30:1800+30"]

1. e4 c5 2. Nf3 Nc6 3. d3 g6 4. g3 Bg7 5. Bg2 e6 6. O-O Nge7 7. c3 d5 8. Nbd2 O-O 9. Re1 Qc7 10. exd5 Nxd5 11. Nb3 b6 12. d4 cxd4 13. Nbxd4 Nxd4 14. Nxd4 Bb7 15. Qe2 a6 16. Nc2 Rac8 17. Ne3 Nxe3 18. Bxe3 Bxg2 19. Kxg2 b5 20. a4 bxa4 21. Qxa6 Ra8 22. Qe2 Qb7+ 23. Kg1 Rfb8 24. Ra2 Qb3 25. Rea1 a3 26. Rxa3 Rxa3 27. Rxa3 Qd5 28. Qd2 Qe4 29. Ra7 h5 30. Qd7 Qb1+ 31. Kg2 Qe4+ 32. Kg1 Qb1+ 1/2-1/2

[Event "20th Heraklion IT Open 2017"]
[Site "Heraklion"]
[Date "2017.04.20"]
[Round "5"]
[White "Hristodoulaki, Antonia"]
[Black "Damia, Angelo"]
[Result "1/2-1/2"]
[ECO "B08"]
[WhiteElo "1994"]
[BlackElo "2417"]
[Annotator "TA"]
[PlyCount "100"]
[EventDate "2017.??.??"]
[EventType "swiss"]
[EventCountry "GRE"]
[SourceTitle "playchess.com"]
[Source "ChessBase"]
[SourceQuality "1"]
[TimeControl "40/5400+30:1800+30"]

1. d4 d6 2. Nf3 g6 3. e4 Bg7 4. Nc3 Nf6 5. Be2 a6 6. a4 Nc6 7. h3 d5 8. exd5 Nb4 9. O-O O-O 10. Bg5 Nbxd5 11. Nxd5 Qxd5 12. Re1 Rd8 13. Bd3 Be6 14. Qe2 c6 15. Rad1 Re8 16. Bd2 b5 17. a5 Bf5 18. Bb4 Nd7 19. Ne5 Bxd3 20. Rxd3 Nxe5 21. dxe5 Qc4 22. Qd2 c5 23. Ba3 b4 24. b3 Qb5 25. Bb2 Qxa5 26. Rd1 Qa2 27. c4 Qa5 28. Rd7 Qb6 29. Qd5 Rac8 30. Rb7 Qc6 31. Qxc6 Rxc6 32. Rdd7 Bf8 33. Kf1 Ra8 34. Ke2 a5 35. Kd3 a4 36. bxa4 Rca6 37. Rbc7 e6 38. Rxf7 Rd8+ 39. Rfd7 Rxd7+ 40. Rxd7 Rxa4 41. Kc2 Ra8 42. Bc1 Ra1 43. Rb7 g5 44. g3 Ra8 45. Rd7 Ra2+ 46. Bb2 Bg7 47. Kb3 Ra8 48. f4 gxf4 49. gxf4 Bh6 50. Rc7 Bf8 1/2-1/2

[Event "20th Heraklion IT Open 2017"]
[Site "Heraklion"]
[Date "2017.04.20"]
[Round "5"]
[White "Sourgkounis, Angelos"]
[Black "Aggelakis, Ilias"]
[Result "1-0"]
[ECO "B30"]
[WhiteElo "1960"]
[BlackElo "1424"]
[Annotator "NA"]
[PlyCount "111"]
[EventDate "2017.??.??"]
[EventType "swiss"]
[EventCountry "GRE"]
[SourceTitle "playchess.com"]
[Source "ChessBase"]
[SourceQuality "1"]
[TimeControl "40/5400+30:1800+30"]

1. e4 c5 2. Nf3 Nc6 3. Bb5 Nd4 4. Nxd4 cxd4 5. O-O e6 {[%emt 0:01:32] LiveBook: 21 Games} 6. c3 {[%emt 0:01:26] B30: Sicilian: 2...Nc6 3 Bb5, lines without ...g6} (6. d3 Ne7 7. Nd2 Nc6 8. Nc4 Qc7 9. Qf3 d6 10. Qg3 Bd7 11. Bd2 O-O-O 12. c3 dxc3 13. Bxc3 f6 14. Rac1 {1-0 (48) Smirnov,P (2610)-Chernyuk,M (2254) Voronezh 2012}) 6... a6 7. Bd3 dxc3 8. dxc3 $146 (8. Nxc3 d6 9. Bb1 g6 10. d4 Bg7 11. Be3 Bd7 12. Qd2 Ne7 13. Bh6 O-O 14. Bxg7 Kxg7 {½-½ (43) Kuspiel,M (1918)-Stadler,B (1810) Mecklenburg VP 2003}) 8... g6 9. Be3 Bg7 10. Bc2 (10. Nd2 $16) 10... Qc7 11. Qd2 Nf6 12. Bf4 e5 13. Bh6 O-O 14. Bxg7 Kxg7 15. Rd1 Re8 16. b3 b5 17. Qd6 Qxd6 18. Rxd6 Re6 19. Rxe6 dxe6 20. f3 Bb7 21. Kf2 Nd7 22. a4 Nc5 23. axb5 axb5 24. Rxa8 Bxa8 25. b4 Na6 26. Bd3 Bc6 27. Ke3 Kf8 28. Na3 Nc7 29. c4 bxc4 30. Bxc4 Bb7 31. Kd3 Ke7 32. Kc3 f5 33. Bd3 fxe4 34. fxe4 Kd7 35. Nc4 Nb5+ 36. Kd2 Nd6 37. Nxe5+ Kc7 38. Ke3 g5 39. Kd4 Ba8 40. g3 $18 Bb7 41. Nf3 Nf7 42. h4 gxh4 43. gxh4 h6 44. Ne5 Nd6 45. Ng4 Nf7 46. Bc4 Kd6 47. e5+ Ke7 48. b5 h5 49. Nf6 Nh6 50. Bd3 Bf3 51. b6 Kd8 52. Kc5 Ng4 53. Kd6 Nxf6 54. exf6 Ke8 55. Bg6+ Kf8 56. Bxh5 1-0

[Event "20th Heraklion IT Open 2017"]
[Site "Heraklion"]
[Date "2017.04.20"]
[Round "5"]
[White "Bras, Emanouel"]
[Black "Mamoulakis, Eleftherios"]
[Result "1-0"]
[ECO "E11"]
[WhiteElo "1898"]
[BlackElo "2117"]
[Annotator "NA"]
[PlyCount "77"]
[EventDate "2017.??.??"]
[EventType "swiss"]
[EventCountry "GRE"]
[SourceTitle "playchess.com"]
[Source "ChessBase"]
[SourceQuality "1"]
[TimeControl "40/5400+30:1800+30"]

1. d4 Nf6 2. c4 e6 3. Nf3 Bb4+ 4. Bd2 c5 5. Bxb4 cxb4 6. Nbd2 {[%emt 0:00:29] LiveBook: 147 Games} d5 7. cxd5 exd5 8. Qa4+ Nc6 9. Ne5 Qd6 10. e3 Bd7 11. Nxd7 Nxd7 12. Bd3 O-O 13. O-O $14 f5 14. f4 Rae8 15. Rfe1 Nb6 16. Qc2 Rc8 17. Bxf5 Nxd4 18. Bxh7+ Kh8 19. Qb1 Ne6 20. Nf3 Nc4 21. Bf5 Rce8 22. Nh4 Rf6 23. b3 Na3 24. Qd1 Rh6 25. g3 Nb5 26. Bg6 Rxg6 27. Nxg6+ Kg8 28. Qh5 Nc3 29. Qh8+ Kf7 30. Ne5+ Ke7 31. Qh4+ Kf8 32. Qh5 Qc7 33. Ng6+ Kg8 34. f5 Nc5 35. f6 Ne6 36. Ne5 Rd8 37. f7+ Kf8 38. Ng6+ Kxf7 39. Qf5+ 1-0

[Event "20th Heraklion IT Open 2017"]
[Site "Heraklion"]
[Date "2017.04.20"]
[Round "5"]
[White "Pelantakis, Mihail"]
[Black "Friedel, Marcus"]
[Result "0-1"]
[ECO "A11"]
[WhiteElo "1737"]
[BlackElo "2182"]
[Annotator "NA"]
[PlyCount "60"]
[EventDate "2017.??.??"]
[EventType "swiss"]
[EventCountry "GRE"]
[SourceTitle "playchess.com"]
[Source "ChessBase"]
[SourceQuality "1"]
[TimeControl "40/5400+30:1800+30"]

1. c4 c6 2. Nf3 d5 3. e3 Nf6 4. Nc3 a6 5. b3 Bg4 6. d4 b5 7. Qc2 {[%emt 0:00:07] D15: Slav Defence: 4 Nc3 a6 and gambit lines after 4 Nc3 dxc4} (7. a4 bxc4 8. bxc4 Nbd7 9. a5 e5 10. Be2 Bxf3 11. Bxf3 Bb4 12. Bd2 O-O 13. O-O dxc4 14. Qe2 exd4 15. exd4 Bxa5 16. Qxc4 {1-0 (44) Ding,L (2759)-Svidler,P (2741) Shenzhen 2017}) 7... Bxf3 8. gxf3 e6 9. Bb2 g6 10. Bd3 $146 (10. e4 b4 11. Na4 Bh6 12. a3 bxa3 13. Bxa3 dxe4 14. fxe4 Qxd4 {1-0 (34) Bykova,A (2242)-Smirnova,E (2190) Loo 2015}) 10... Nbd7 11. Ne2 Be7 12. Ng1 (12. c5 $14) 12... O-O 13. f4 Qa5+ 14. Bc3 Bb4 15. Bxb4 Qxb4+ 16. Qd2 Qxd2+ 17. Kxd2 bxc4 18. bxc4 dxc4 19. Bxc4 Ne4+ 20. Ke1 Rfb8 21. Bd3 Ndf6 22. f3 Nc3 23. Kd2 Ncd5 24. Rc1 Rb2+ 25. Rc2 $19 {[%emt 0:00:22] [#]} (25. Bc2 $17 {is a better defense.}) 25... Rab8 $2 (25... Rb1 $1 $19 {aiming for ...Rab8.} 26. Rxc6 Ra1) 26. a4 Rxc2+ 27. Bxc2 Rb2 28. Kc1 Ra2 29. Bb3 Ra1+ 30. Kd2 Nxe3 0-1

[Event "20th Heraklion IT Open 2017"]
[Site "Heraklion"]
[Date "2017.04.20"]
[Round "5"]
[White "Vitsaxakis, Nikolaos"]
[Black "Martorelli, Antonio"]
[Result "1/2-1/2"]
[ECO "A45"]
[WhiteElo "1726"]
[BlackElo "2220"]
[Annotator "NA"]
[PlyCount "89"]
[EventDate "2017.??.??"]
[EventType "swiss"]
[EventCountry "GRE"]
[SourceTitle "playchess.com"]
[Source "ChessBase"]
[SourceQuality "1"]
[TimeControl "40/5400+30:1800+30"]

1. d4 Nf6 2. Bg5 e6 3. Nd2 c5 4. e3 b6 5. Ngf3 Bb7 6. Bd3 Be7 7. O-O d6 8. Qe2 Nbd7 9. c3 O-O {[%emt 0:00:18] A47: 1 d4 Nf6 2 Nf3 b6: Torre, London and Colle Systems} 10. e4 (10. Ba6 Qc8 11. Bxb7 Qxb7 12. e4 h6 13. Bh4 cxd4 14. cxd4 Rfe8 15. Rac1 Bf8 16. Rc2 Rac8 17. Rfc1 Rxc2 18. Rxc2 {0-1 (64) Alvarez Marquez,J (2398)-Gharamian,T (2624) Lisbon 2017}) 10... Re8 11. e5 Nd5 12. Bxe7 Qxe7 13. exd6 $146 (13. Qe4 Nf8 14. Qg4 cxd4 15. cxd4 Nb4 16. Bb5 Rec8 17. a3 {½-½ (29) Meuer,M-Scheske,A (2030) Germany 1998}) 13... Qxd6 14. Qe4 N7f6 15. Qe5 Qxe5 16. dxe5 Nd7 17. Be4 Rab8 18. c4 Nf4 19. Bxb7 Rxb7 20. Ne4 Rbb8 21. Rad1 Red8 22. Rd6 Kf8 23. Rfd1 Ke7 24. b3 Ng6 25. Neg5 Ndxe5 26. Rxd8 Rxd8 27. Rxd8 Kxd8 28. Nxe5 Nxe5 29. f4 Nd3 30. Nxf7+ Ke7 31. Ne5 Nxe5 32. fxe5 Kf7 33. Kf2 Kg6 34. g4 h5 35. Kg3 hxg4 36. Kxg4 Kh6 37. Kh4 a6 38. a3 a5 39. a4 Kg6 40. Kg4 $11 Kh6 41. Kh4 g6 42. Kg4 g5 43. h4 gxh4 44. Kxh4 Kg6 45. Kg4 1/2-1/2

[Event "20th Heraklion IT Open 2017"]
[Site "Heraklion"]
[Date "2017.04.20"]
[Round "5"]
[White "Galanakis, Nikos"]
[Black "Maris, Ioannis"]
[Result "0-1"]
[ECO "A15"]
[WhiteElo "1588"]
[BlackElo "1967"]
[Annotator "NA"]
[PlyCount "72"]
[EventDate "2017.??.??"]
[EventType "swiss"]
[EventCountry "GRE"]
[SourceTitle "playchess.com"]
[Source "ChessBase"]
[SourceQuality "1"]
[TimeControl "40/5400+30:1800+30"]

1. c4 Nf6 2. Nf3 g6 3. d4 Bg7 4. Nc3 O-O 5. e4 d6 6. h3 Nc6 7. Be3 Re8 8. Be2 e5 9. d5 Ne7 10. c5 Nh5 11. Bb5 Rf8 12. Qd2 f5 13. Bh6 fxe4 14. Bxg7 Kxg7 15. Nxe4 Nf4 16. Bf1 $17 Bf5 17. Nc3 dxc5 18. O-O-O c6 19. d6 Ned5 20. Nxd5 Nxd5 21. Bc4 Be6 22. Ng5 Bg8 23. Ne4 b5 24. Bxd5 cxd5 25. Nc3 d4 26. Ne4 Bd5 27. Nxc5 Qxd6 28. b4 a5 29. Rhe1 axb4 30. Nb3 Rfc8+ 31. Kb2 Rc3 32. Ra1 Bc4 33. Qg5 Re8 34. Rad1 Bxb3 35. axb3 Qd5 36. Qxe5+ Rxe5 0-1

[Event "20th Heraklion IT Open 2017"]
[Site "Heraklion"]
[Date "2017.04.20"]
[Round "5"]
[White "Koutsourakis, Ioannis"]
[Black "Fragiadakis, Emanouel"]
[Result "1/2-1/2"]
[ECO "E46"]
[WhiteElo "1543"]
[BlackElo "1827"]
[Annotator "NA"]
[PlyCount "76"]
[EventDate "2017.??.??"]
[EventType "swiss"]
[EventCountry "GRE"]
[SourceTitle "playchess.com"]
[Source "ChessBase"]
[SourceQuality "1"]
[TimeControl "40/5400+30:1800+30"]

1. d4 Nf6 2. c4 e6 3. Nc3 Bb4 4. e3 O-O 5. Nge2 d5 6. a3 Be7 7. Ng3 c6 8. Bd3 dxc4 9. Bxc4 b5 10. Bd3 a6 11. O-O c5 12. dxc5 $11 Bxc5 13. b4 Be7 14. Bb2 Bb7 15. Nge4 Nbd7 16. Nxf6+ Nxf6 17. Qe2 Qb6 18. Rac1 Rfd8 19. Rfd1 Rac8 20. Kh1 Qa7 21. Nb1 Qa8 22. f3 Bd5 23. Nd2 Qb8 24. Rxc8 Qxc8 25. e4 Bc6 26. Nb3 Be8 27. Qc2 Qxc2 28. Bxc2 Rxd1+ 29. Bxd1 Nd7 30. Kg1 e5 31. Bc1 Nb6 32. Kf2 Bd7 33. Be2 Bc6 34. Na5 Bd7 35. Be3 Bd8 36. Nb7 Bc7 37. Nc5 Bc8 38. Ke1 Kf8 1/2-1/2

[Event "20th Heraklion IT Open 2017"]
[Site "Heraklion"]
[Date "2017.04.20"]
[Round "5"]
[White "Kiriakakis, Ioannis"]
[Black "Brokalakis - Gounaris, Christos"]
[Result "0-1"]
[ECO "E40"]
[WhiteElo "1534"]
[BlackElo "1773"]
[Annotator "NA"]
[PlyCount "82"]
[EventDate "2017.??.??"]
[EventType "swiss"]
[EventCountry "GRE"]
[SourceTitle "playchess.com"]
[Source "ChessBase"]
[SourceQuality "1"]
[TimeControl "40/5400+30:1800+30"]

1. d4 Nf6 2. c4 e6 3. Nc3 Bb4 4. e3 d5 5. cxd5 exd5 6. Nge2 O-O 7. a3 Bd6 8. Ng3 Re8 9. Bd3 c6 10. O-O Nbd7 11. Bd2 Nf8 12. Qc2 Bxg3 13. hxg3 Bg4 14. b4 Rc8 15. b5 cxb5 16. Bxb5 Re7 17. Qb3 Bf5 18. f3 a6 19. Be2 Rec7 20. Rfc1 Ne6 21. Be1 Qe7 22. Qd1 Nd8 23. Qd2 h6 24. Bf2 Bh7 25. Bd1 Qd6 26. Bb3 Rc6 27. Qb2 b5 28. Ne2 Nb7 29. Rxc6 Rxc6 30. Rc1 Na5 31. a4 Rxc1+ 32. Nxc1 Qb4 33. axb5 axb5 34. Qa2 Qc3 35. Ne2 Qxb3 36. Qxa5 g5 37. Nc3 b4 38. Nb5 Qd1+ 39. Kh2 b3 40. Qd8+ Kg7 41. Nd6 b2 0-1

[Event "20th Heraklion IT Open 2017"]
[Site "Heraklion"]
[Date "2017.04.20"]
[Round "5"]
[White "Mardoyan Ararat, T  Artur"]
[Black "Papidakis, Georgios"]
[Result "1/2-1/2"]
[ECO "E92"]
[WhiteElo "1502"]
[BlackElo "1618"]
[Annotator "NA"]
[PlyCount "54"]
[EventDate "2017.??.??"]
[EventType "swiss"]
[EventCountry "GRE"]
[SourceTitle "playchess.com"]
[Source "ChessBase"]
[SourceQuality "1"]
[TimeControl "40/5400+30:1800+30"]

1. d4 Nf6 2. Nf3 g6 3. c4 Bg7 4. Nc3 O-O 5. e4 d6 6. Be2 e5 7. d5 a5 8. O-O Na6 9. h3 Nc5 10. Qc2 Ne8 11. Ne1 f5 12. f3 f4 13. Nd3 Nxd3 14. Bxd3 g5 15. Nd1 b6 16. Bd2 h5 17. Nf2 Rf6 18. a3 Rh6 19. Be1 Rh8 20. Qd1 Qf6 21. b4 axb4 22. axb4 Rxa1 23. Qxa1 Qh6 24. Qa8 Bd7 25. Qd8 Ba4 26. Qa8 Bd7 27. Qd8 Ba4 1/2-1/2

[Event "20th Heraklion IT Open 2017"]
[Site "Heraklion"]
[Date "2017.04.21"]
[Round "6"]
[White "Wallace, John Paul"]
[Black "Vitsaxakis, Nikolaos"]
[Result "1-0"]
[ECO "C31"]
[WhiteElo "2404"]
[BlackElo "1726"]
[Annotator "ChessBase"]
[PlyCount "57"]
[EventDate "2017.??.??"]
[EventType "swiss"]
[EventCountry "GRE"]
[SourceTitle "playchess.com"]
[Source "ChessBase"]
[SourceQuality "1"]
[TimeControl "40/5400+30:1800+30"]

1. e4 e5 2. f4 d5 3. exd5 exf4 4. Nf3 Bd6 5. d4 Ne7 6. c4 b6 7. Bd3 O-O 8. O-O c6 9. dxc6 Nbxc6 10. Nc3 Bg4 11. Bxh7+ Kh8 12. Be4 f5 13. Bxc6 Nxc6 14. Kh1 Qe8 15. Nb5 Rd8 16. Nxd6 Rxd6 17. d5 g5 18. Qe1 Bxf3 19. gxf3 Qxe1 20. Rxe1 Nd4 21. b3 Nc2 22. Re7 Kg8 23. Bb2 Rf7 24. Re8+ Kh7 25. Rg1 g4 26. fxg4 f3 27. gxf5 Kh6 28. Rh8+ Rh7 29. Bc1+ 1-0

[Event "20th Heraklion IT Open 2017"]
[Site "Heraklion"]
[Date "2017.04.21"]
[Round "6"]
[White "Sredojevic, Ivan"]
[Black "Lirindzakis, Timotheos"]
[Result "1-0"]
[ECO "C47"]
[WhiteElo "2351"]
[BlackElo "2177"]
[Annotator "ChessBase"]
[PlyCount "79"]
[EventDate "2017.??.??"]
[EventType "swiss"]
[EventCountry "GRE"]
[SourceTitle "playchess.com"]
[Source "ChessBase"]
[SourceQuality "1"]
[TimeControl "40/5400+30:1800+30"]

1. e4 e5 2. Nf3 Nc6 3. Nc3 Nf6 4. a3 d5 5. exd5 Nxd5 6. Bb5 Nxc3 7. bxc3 Bd6 8. O-O O-O 9. d4 exd4 10. cxd4 Bg4 11. c3 Qf6 12. Be2 Rfe8 13. h3 Bd7 14. Bd3 h6 15. Rb1 b6 16. c4 Bf5 17. Bb2 Bxd3 18. Qxd3 Rad8 19. Rfe1 Rxe1+ 20. Rxe1 Ne7 21. Qc2 Qf5 22. Qc3 Ng6 23. d5 Bf8 24. Nd4 Qd7 25. Nc6 Re8 26. Rxe8 Qxe8 27. Nxa7 Nf4 28. Qe5 Ne2+ 29. Kf1 Qa4 30. Kxe2 Qxa7 31. Qe8 Qa5 32. Qb5 Qa8 33. Qd7 Bd6 34. a4 h5 35. g3 Kf8 36. Bc3 g6 37. Kd3 Kg8 38. Bf6 Kf8 39. g4 hxg4 40. hxg4 1-0

[Event "20th Heraklion IT Open 2017"]
[Site "Heraklion"]
[Date "2017.04.21"]
[Round "6"]
[White "Mamoulakis, Eleftherios"]
[Black "Galanakis, Nikos"]
[Result "1-0"]
[ECO "A04"]
[WhiteElo "2117"]
[BlackElo "1588"]
[Annotator "NA"]
[PlyCount "81"]
[EventDate "2017.??.??"]
[EventType "swiss"]
[EventCountry "GRE"]
[SourceTitle "playchess.com"]
[Source "ChessBase"]
[SourceQuality "1"]
[TimeControl "40/5400+30:1800+30"]

1. Nf3 b5 2. d4 Bb7 3. e3 a6 4. c4 bxc4 5. Bxc4 e6 6. Nc3 Nf6 7. O-O {[%emt 0:00:18] A46: 1 d4 Nf6 2 Nf3 e6: Torre, London and Colle Systems} d6 (7... d5 8. Bd3 Nbd7 9. b3 Bb4 10. Bb2 Qe7 11. Na4 O-O 12. a3 Bd6 13. b4 Bc6 {½-½ (52) Garcia Molina,F (2166)-Ljubojevic,L (2571) Linares 2016}) 8. d5 e5 9. e4 $146 (9. Qc2 Nbd7 10. a3 Be7 11. Rd1 h6 12. Ba2 O-O 13. b4 {1-0 (35) Verich,O (1082)-Rush,B (988) LSS email 2011}) 9... Nbd7 10. Qe2 Be7 11. h3 Nb6 12. Bd3 Qd7 13. Be3 O-O 14. Rac1 Rfb8 15. b3 Bd8 16. Nd2 Qe8 17. Nc4 Nxc4 18. Bxc4 Nd7 19. Bd3 Nb6 20. Rc2 f6 21. Rfc1 Qg6 22. Qg4 Qf7 23. f4 Bc8 24. Qg3 Nd7 25. f5 Nb6 26. Qf3 Bb7 27. Qe2 Kh8 28. a4 Kg8 29. a5 Nc8 30. b4 Ne7 31. b5 axb5 32. Nxb5 Rxa5 33. Nxc7 Bxc7 34. Rxc7 Qe8 35. Rb1 Nxd5 36. Rcxb7 (36. exd5 $142 Qf8 37. Rbxb7 Rxb7 38. Rxb7) 36... Rxb7 37. Rxb7 Nxe3 38. Qxe3 h6 $18 (38... Qc8 $142) 39. Qb6 Ra1+ 40. Kh2 Rd1 41. Rb8 1-0

[Event "20th Heraklion IT Open 2017"]
[Site "Heraklion"]
[Date "2017.04.21"]
[Round "6"]
[White "Serpetsidakis, Nikolaos"]
[Black "Hristodoulaki, Antonia"]
[Result "1/2-1/2"]
[ECO "E52"]
[WhiteElo "1994"]
[BlackElo "1994"]
[Annotator "NA RC"]
[PlyCount "106"]
[EventDate "2017.??.??"]
[EventType "swiss"]
[EventCountry "GRE"]
[SourceTitle "playchess.com"]
[Source "ChessBase"]
[SourceQuality "1"]
[TimeControl "40/5400+30:1800+30"]

1. d4 Nf6 2. c4 e6 3. Nc3 Bb4 4. e3 O-O 5. Bd3 d5 6. Nf3 b6 7. O-O {[%emt 0:00:14] LiveBook: 565 Games} Ba6 8. cxd5 exd5 9. Bxa6 Nxa6 10. Qd3 Qc8 11. a3 Bxc3 12. bxc3 c5 13. Nd2 {[%emt 0:03:22] E53: Nimzo-Indian: Rubinstein: Main Line (4...0-0 5 Nf3 d5 6 Bd3 c5 7 0-0)} Re8 14. Bb2 $146 (14. f3 Qb7 15. Bb2 c4 16. Qe2 Re6 17. Rfe1 Rae8 18. Nf1 Nh5 19. Qd2 f5 20. a4 Qf7 21. g3 Nc7 22. Ba3 h6 23. h3 Nf6 24. g4 Nh7 25. Kg2 fxg4 {½-½ (25) Johannessen,L (2519)-Leko,P (2744) Tromsoe 2013}) 14... c4 15. Qc2 b5 16. Rae1 Nc7 17. f3 Ne6 18. g3 a5 19. e4 g6 20. e5 Nh5 21. f4 Nhg7 22. Rf3 Rf8 23. Nf1 Qd7 24. Ne3 f5 25. exf6 Rxf6 26. Ng4 Rff8 27. Rfe3 Ra6 28. Qe2 h5 29. Ne5 $1 Qe8 30. Nf3 Qd8 31. Re5 Rf5 32. Nh4 {[%emt 0:00:33] [#]} Nxf4 $1 33. gxf4 Qxh4 34. Bc1 Qg4+ 35. Qxg4 hxg4 36. Kg2 b4 37. axb4 axb4 38. cxb4 Ra4 39. Kg3 Nh5+ 40. Kxg4 Nf6+ 41. Kf3 Rxb4 42. Rxf5 (42. Be3 $15) 42... gxf5 (42... Rb3+ $142 43. Re3 Rxe3+ 44. Bxe3 (44. Kxe3 gxf5 45. h3 Kg7 $17) 44... gxf5) 43. Re5 Rb3+ 44. Ke2 Rh3 45. Rxf5 Rxh2+ $17 46. Ke3 Rh3+ 47. Kd2 Ne4+ 48. Kd1 Rh1+ 49. Kc2 Rh2+ 50. Kd1 Nf2+ 51. Kc2 Ne4+ 52. Kd1 Nf2+ 53. Kc2 Ne4+ 1/2-1/2

[Event "20th Heraklion IT Open 2017"]
[Site "Heraklion"]
[Date "2017.04.21"]
[Round "6"]
[White "Maris, Ioannis"]
[Black "Sourgkounis, Angelos"]
[Result "1-0"]
[ECO "B03"]
[WhiteElo "1967"]
[BlackElo "1960"]
[Annotator "NA RC"]
[PlyCount "87"]
[EventDate "2017.??.??"]
[EventType "swiss"]
[EventCountry "GRE"]
[SourceTitle "playchess.com"]
[Source "ChessBase"]
[SourceQuality "1"]
[TimeControl "40/5400+30:1800+30"]

1. e4 Nf6 2. e5 Nd5 3. d4 d6 4. c4 Nb6 5. exd6 exd6 6. Nf3 Be7 {[%emt 0:00:18] LiveBook: 80 Games} 7. Nc3 O-O 8. Be2 Nc6 9. h3 Bf5 10. O-O Bf6 11. Be3 {[%emt 0:07:11] B03: Alekhine's Defence: Four Pawns Attack} Re8 (11... d5 12. c5 Nc4 13. Bc1 b6 14. b3 N4a5 15. cxb6 axb6 16. Bf4 Nb4 17. Qd2 Re8 18. Rac1 Rc8 {1-0 (40) Rozentalis,E (2588)-Krasenkow,M (2631) Warsaw 2009}) 12. Rc1 d5 13. cxd5 Nb4 14. d6 cxd6 15. Qb3 a5 16. Rfd1 $146 d5 17. Bb5 Re6 18. a3 Nc6 19. Na4 Nxa4 20. Qxa4 Rc8 21. Rc3 Be7 22. Rdc1 Rg6 23. Kf1 Be4 24. Bxc6 Rgxc6 25. Rxc6 bxc6 26. Ne5 Bd6 27. Nxc6 Qe8 28. b4 axb4 29. axb4 Bd3+ 30. Kg1 Bc4 31. Rxc4 $4 (31. b5 $11 {and White is okay.}) 31... dxc4 32. b5 Ra8 33. Qd1 h6 34. d5 Qe4 35. b6 Qd3 $2 (35... Ra2 $19 {is more deadly.} 36. b7 Rb2 37. b8=Q+ Bxb8 38. Nxb8 Rb1) 36. Qxd3 cxd3 37. g3 Ra1+ 38. Kg2 Rb1 39. Kf3 Rb2 (39... Kf8 $17 40. Ke4 {[#]} Rxb6 $1 ) 40. Na5 Rb4 $16 {[%emt 0:01:32] [#]} (40... Rb5 $17 {keeps the pressure on.} 41. Nc4 Bb4) 41. Nb7 $1 d2 42. Ke2 Rb5 43. Nxd6 Rxd5 44. Kd1 1-0